Map: Catalyst LE

Players

BackupJ (Kas) - Winner!

  • Race: Terran Terran
  • Spawn Location: 11:00

Abyss

  • Race: Protoss Protoss
  • Spawn Location: 5:00

Event: WCS Leipzig 2018

VOD

Have the link to the VOD?

Description

Time

  • Played on: Jan. 26, 2018, 6:33 a.m.
  • Length: 8:49

All games in this series

Show
View Real Time Build Order
Export as new Build Order

BackupJ Terran - Winner!

Build Orders:  

Get SALT Encoding   

  12  0:00  SCV  
  13  0:13  SCV  
  14  0:17  Supply Depot  
  14  0:25  SCV  
  14  0:27  Refinery  
  15  0:39  SCV  
  16  0:45  Barracks  
  16  0:51  SCV  
  17  1:03  SCV  
  18  1:15  SCV  
  20  1:32  Reaper  
  20  1:33  Orbital Command  
  20  1:45  Command Center  
  20  1:56  Factory  
  20  2:00  SCV  
  21  2:06  Refinery  
  21  2:14  Marine  
  22  2:18  Bunker  
  22  2:22  SCV  
  23  2:32  Supply Depot  
  23  2:35  Barracks Reactor  
  23  2:47  Starport  
  23  2:54  SCV, Widow Mine  
  26  3:02  Orbital Command  
  26  3:11  Marine  
  26  3:12  Marine  
  28  3:23  Viking  
  29  3:30  Orbital Command, Marine x2  
  31  3:35  Bunker  
  31  3:40  Cyclone  
  34  3:45  SCV  
  36  3:55  Supply Depot  
  37  4:02  SCV  
  36  4:08  Marine  
  36  4:09  Viking x2  
  41  4:12  Factory Tech Lab  
  41  4:20  SCV  
  42  4:32  Siege Tank, Marine  
  46  4:39  Supply Depot, Viking  
  46  4:42  Viking  
  50  4:50  Marine  
  51  4:58  Bunker  
  51  5:04  Siege Tank  
  54  5:07  Marine  
  55  5:14  Viking  
  57  5:24  Supply Depot  
  57  5:25  Supply Depot  
  57  5:30  Marine  
  58  5:44  SCV, Viking  
  61  5:54  Marine  
  62  5:58  Siege Tank  
  65  6:08  Barracks  
  65  6:09  Barracks  
  65  6:24  Viking  
  63  6:32  Siege Tank  
  66  6:33  Barracks Tech Lab  
  66  6:46  SCV  
  68  6:55  Marine  
  68  6:57  Orbital Command  
  68  7:00  SCV  
  69  7:01  Marine x2  
  69  7:04  Supply Depot  
  71  7:12  SCV, Marine  
  74  7:24  SCV  
  74  7:26  SCV  
  76  7:30  Engineering Bay, Barracks Reactor  
  76  7:31  Barracks Reactor  
  76  7:32  Marine  
  76  7:36  SCV  
  77  7:38  SCV  
  77  7:41  Refinery  
  77  7:43  Siege Tank  
  81  7:46  Supply Depot  
  81  7:47  Supply Depot  
  81  7:50  SCV x2  
  81  7:51  Reaper  
  84  7:58  Supply Depot  
  84  8:00  Supply Depot  
  84  8:02  SCV  
  84  8:04  Refinery, Starport Reactor  
  85  8:07  SCV  
  85  8:08  Marine x4  
  90  8:14  Command Center  
  90  8:22  Marine  
  91  8:36  SCV  
  91  8:38  Barracks  
  91  8:40  Barracks  
Show
View Real Time Build Order
Export as new Build Order

Abyss Protoss 

Build Orders:  

Get SALT Encoding   

  12  0:08  Pylon  
  12  0:13  Probe  
  13  0:26  Gateway  
  13  0:31  Probe  
  14  0:38  Assimilator  
  14  0:43  Probe  
  15  0:52  Assimilator  
  15  0:55  Probe  
  16  1:07  Probe (Chrono Boost)  
  17  1:13  Cybernetics Core  
  17  1:16  Probe (Chrono Boost)  
  18  1:22  Pylon  
  18  1:25  Probe  
  19  1:38  Probe  
  20  1:50  Stalker, Warp Gate  
  20  1:51  Probe  
  23  2:05  Stargate  
  23  2:06  Probe  
  24  2:20  Stalker  
  26  2:26  Probe  
  27  2:31  Gateway  
  26  2:46  Void Ray (Chrono Boost)  
  30  2:54  Pylon  
  30  3:04  Gateway  
  30  3:11  Pylon  
  30  3:27  Void Ray (Chrono Boost)  
  34  3:44  Pylon  
  34  3:59  Void Ray (Chrono Boost)  
  38  4:05  Stalker  
  40  4:14  Shield Battery  
  38  4:31  Shield Battery  
  38  4:33  Shield Battery  
  38  4:37  Void Ray (Chrono Boost)  
  42  4:51  Stalker  
  43  5:23  Shield Battery  
  43  5:25  Shield Battery  
  41  5:32  Stalker x2  
  45  5:39  Stalker  
  47  5:50  Pylon  
  47  5:59  Stalker  
  47  6:00  Stalker  
  26  6:39  Nexus  
  26  6:51  Robotics Facility  
  26  6:52  Sentry x2  
  30  7:01  Sentry  
  32  7:17  Stalker, Pylon  
  34  7:37  Immortal (Chrono Boost)  
  38  7:45  Probe (Chrono Boost)  
  39  7:55  Probe (Chrono Boost)  
  39  7:56  Probe (Chrono Boost)  
  41  8:00  Shield Battery  
  41  8:03  Probe  
  42  8:08  Sentry  
  42  8:11  Sentry  
  42  8:36  Stalker  
Tags
 
Add a new tag
Caveats
  • Supply blocks, unpowered buildings, or Contaminate may cause inaccurate times.
  • Supply counts are checked every 10 seconds.